 Dungeon Crawl Stone Soup version 0.30.0-29-ga12c61a403 (webtiles) character file.

Game seed: 2712759647288739747

119 qw the Chopper (level 5, -9/32 HPs)
             Began as a Gargoyle Fighter on June 5, 2023.
             Mangled by an ogre
             ... wielding a +0 giant club
              (18 damage)
             ... on level 4 of the Dungeon.
             The game lasted 00:01:03 (2265 turns).

qw the Chopper (Gargoyle Fighter)                   Turns: 2265, Time: 00:01:03

Health: -9/32      AC: 13    Str: 22    XL:     5   Next: 3%
Magic:  5/5        EV:  8    Int:  8    God:
Gold:   182        SH:  5    Dex: 15    Spells: 4/4 levels left

rFire   . . .        Y - +0 war axe
rCold   . . .        c - +0 buckler
rNeg    + . .        k - +0 chain mail
rPois   inf          (no helmet)
rElec   +            (no cloak)
rCorr   .            (no gloves)
SInv    .            (no boots)
Will    .....        (no amulet) Stlth
                     b - +6 ring of dexterity
HPRegen 0.25/turn    (no ring)
MPRegen 0.09/turn

%: no passive effects
@: no status effects
A: sickness immunity, AC +4, negative energy resistance 1, electricity
resistance, torment resistance 1, petrification resistance
a: no special abilities


You were on level 4 of the Dungeon.
You visited 1 branch of the dungeon, and saw 4 of its levels.

You collected 182 gold pieces.


Innate Abilities, Weirdness & Mutations

You are immune to sickness and miasma.
Your stone body is resilient. (AC +4)
You are immune to poison.
You resist negative energy. (rN+)
You are resistant to electric shocks. (rElec)
You are resistant to unholy torment.
You are immune to petrification.


   Skills:
 - Level 3.2 Fighting
 + Level 4.2 Axes
 - Level 3.2 Armour
 - Level 1.2 Dodging
 - Level 3.2 Shields


You had 4 spell levels left.
You didn't know any spells.
Your spell library was empty.

Inventory:

Hand Weapons
 i - a +0 morningstar
 Y - a +0 war axe (weapon)
Armour
 c - a +0 buckler (worn)
 k - a +0 chain mail (worn)
Jewellery
 b - a +6 ring of dexterity (left hand)
Scrolls
 f - a scroll of identify
 h - a scroll of torment {unknown}
Potions
 a - a potion of degeneration {unknown}
 d - a potion of might
 e - a potion of haste {unknown}
 g - a potion of mutation {unknown}
 j - a potion of curing
 l - a potion of flight {unknown}

Dungeon Overview and Level Annotations

Branches:
Dungeon (4/15)
 Temple: D:4-7

Altars:
Dithmenos


Message History

HP restored.
Things that are here:
a +0 hand axe; an amulet of magic regeneration A hobgoblin comes into view.
You hit the hobgoblin but do no damage. You block the hobgoblin's attack.
You closely miss the hobgoblin.
The hobgoblin hits you but does no damage.
You block the hobgoblin's attack.
You closely miss the hobgoblin. The hobgoblin closely misses you.
You slash the hobgoblin!
You kill the hobgoblin!
Found a dagger.
Found a robe.
You see here a +0 robe.
Found a flail.
h - a scroll labelled JITIGE VIGYIDD An adder comes into view.
Found a shortbow.
Found a stone staircase leading down.
The adder hisses angrily.
An ogre comes into view. It is wielding a +0 giant club.
The ogre shouts!
You hear an angry hiss.
You closely miss the adder.
A ball python comes into view.
The adder barely misses you.
The ball python hisses angrily.
You slash the ogre!
The ogre is heavily wounded.
You barely miss the adder. You block the adder's attack.
The adder bites you but does no damage.
The ogre hits you with a +0 giant club!!
Ouch! That really hurt!
You slash the ogre!
The ogre is severely wounded.
You closely miss the adder. You block the adder's attack.
The ogre hits you with a +0 giant club!!
Ouch! That really hurt!
You die...

.. .### .#. ###
######## .. #..
..##.. .# #.#
#.##.# ##.# #.#
###.##.####..#
#.#
#..........@.#
#.#
##.#.##.####OS.#
#.###....##.#
#>#.....
.........##.#
#)##...#
.....)......#
#S# ...#
..###.........
... .... ..#
#.##.##.## #..
... ..#
#.##.##.# #..
... ..# #.# .# #


You could see an ogre, an adder and a ball python.

Vanquished Creatures
  A hound (D:4)
  4 adders
  2 worms (D:2)
  4 orcs (D:4)
  2 bats (D:2)
  7 endoplasms
  2 giant cockroaches
  7 goblins
  3 hobgoblins
  2 quokkas (D:1)
  2 ball pythons
  4 frilled lizards
  2 kobolds
  A rat (D:2)
43 creatures vanquished.

Notes
Turn   | Place    | Note
-------+----------+-------------------------------------------
     0 | D:1      | qw the Gargoyle Fighter began the quest for the Orb.
     0 | D:1      | Reached XP level 1. HP: 14/14 MP: 1/1
     0 | D:1      | 0 ||| qw: Version: 0.2-a-108-gee2c290
     0 | D:1      | 0 ||| qw: Game counter: 1478
     0 | D:1      | 0 ||| qw: Always use a shield: true
     0 | D:1      | 0 ||| qw: God list: Okawaru
     0 | D:1      | 0 ||| qw: Allow faded altars: false
     0 | D:1      | 0 ||| qw: Do Orc after D:15 true
     0 | D:1      | 0 ||| qw: Do second Lair branch before Depths: true
     0 | D:1      | 0 ||| qw: Lair rune preference: random
     0 | D:1      | 0 ||| qw: Plans: Normal, Zot:1-4, Slime:5, God:TSO, Crypt,
                  | Tomb, Abyss, Pan, Hells, Win
     0 | D:1      | 0 ||| PLANNING D:1-11
    90 | D:1      | Reached skill level 2 in Axes
   146 | D:1      | Reached XP level 2. HP: 19/19 MP: 2/2
   166 | D:1      | 166 ||| DROPPING +0 club.
   629 | D:1      | Reached skill level 3 in Axes
   868 | D:1      | 868 ||| READING scroll labelled LYOTAURO UZEOZ.
   869 | D:1      | 869 ||| READING scroll labelled PIUHUE MUATUYPH.
   870 | D:1      | 870 ||| READING 2 scrolls labelled JUUMUA LUJI.
   871 | D:1      | 871 ||| READING scroll labelled GACUG PULIUCO.
   875 | D:1      | 875 ||| DROPPING scroll of magic mapping.
   893 | D:2      | 893 ||| STAIRDANCE
   927 | D:2      | 927 ||| Stepping ~*~*~tactically~*~*~ (stealth).
   928 | D:2      | 928 ||| Stepping ~*~*~tactically~*~*~ (stealth).
   935 | D:2      | Reached XP level 3. HP: 23/23 MP: 3/3
  1040 | D:2      | 1040 ||| Stepping ~*~*~tactically~*~*~ (stealth).
  1054 | D:2      | Identified the +7 ring mail "Feubayt" {Str-4 Int+7}
  1383 | D:2      | 1383 ||| UPGRADING to +7 ring mail "Feubayt" {Str-4 Int+7}.
  1393 | D:2      | 1393 ||| DROPPING +0 scale mail.
  1394 | D:2      | 1394 ||| UPGRADING to +0 chain mail.
  1404 | D:2      | 1404 ||| DROPPING +7 ring mail "Feubayt" {Str-4 Int+7}.
  1405 | D:2      | 1405 ||| READING scroll labelled CEACKE YVVI.
  1406 | D:2      | 1406 ||| READING scroll labelled OLUALYF KEXO.
  1407 | D:2      | 1407 ||| DRINKING 2 fuming white potions.
  1477 | D:3      | Found a shadowy altar of Dithmenos.
  1667 | D:3      | Reached XP level 4. HP: 28/28 MP: 4/4
  2054 | D:3      | 2054 ||| UPGRADING to +6 ring of dexterity.
  2055 | D:3      | 2055 ||| READING scroll labelled MAFREC CON.
  2090 | D:4      | Reached skill level 4 in Axes
  2100 | D:4      | 2100 ||| Stepping ~*~*~tactically~*~*~ (stealth).
  2116 | D:4      | Reached skill level 1 in Dodging
  2137 | D:4      | 2137 ||| FLEEEEING.
  2140 | D:4      | 2140 ||| STAIRDANCE
  2154 | D:4      | 2154 ||| Stepping ~*~*~tactically~*~*~ (stealth).
  2161 | D:4      | Reached XP level 5. HP: 32/32 MP: 5/5
  2163 | D:4      | 2163 ||| DROPPING +0 mace.
  2261 | D:4      | Noticed an ogre
  2264 | D:4      | HP: 8/32 [ogre/+0 giant club (24)]
  2265 | D:4      | Mangled by an ogre

Levels and vault maps discovered:
D:1:      onia_arrival_mini_spirals, layout_basic
D:2:      layout_rooms
D:3:      layout_loops_ring, grunt_dithmenos_smoke_and_mirrors
D:4:      layout_loops_ring, nicolae_qazlal_beasts_of_the_sky,
          chei_slow_surprise, minmay_temple_entry_enclosed_plants,
          glass_columns_a, kennysheep_generic_room_16

Skill      XL: |  1  2  3  4 |
---------------+-------------+-----
Axes           | 2 3 4 |  4.2
Dodging        | 1 |  1.2
Fighting       | |  3.2
Armour         | |  3.2
Shields        | |  3.2

Action                     |  1- 3 |  4- 6 || total
---------------------------+-------+-------++-------
  Melee: War axe           |   101 |    51 ||   152
    Use: Scroll            |     6 |     1 ||     7
         Potion            |     1 |       ||     1
 Armour: Scale mail        |    36 |       ||    36
         Chain mail        |    13 |    30 ||    43
  Dodge: Dodged            |    38 |    19 ||    57
  Block: Buckler           |    13 |    20 ||    33

Table legend:
 A = Non-vault XP
 B = Vault XP
 C = Vault XP percentage of total XP
 D = Non-vault monster count
 E = Vault monster count
 F = Vault count percentage of total count
                 A         B        C        D         E       F
            +---------+---------+-------+---------+---------+-------
      Total |     170 |       0 |   0.0 |      43 |       0 |   0.0
            +---------+---------+-------+---------+---------+-------
        D:1 |      31 |       0 |   0.0 |      19 |       0 |   0.0
        D:2 |      39 |       0 |   0.0 |      13 |       0 |   0.0
        D:3 |      28 |       0 |   0.0 |       3 |       0 |   0.0
        D:4 |      72 |       0 |   0.0 |       8 |       0 |   0.0
            +---------+---------+-------+---------+---------+-------
